 Dungeon Crawl Stone Soup version 0.20-a0-81-g6e69d53 (webtiles) character file.

329 KristoblXynda the Chucker (level 6, -4/52 HPs)
             Began as a Deep Dwarf Hunter on Nov 20, 2016.
             Slain by a mummy (14 damage)
             ... in an ossuary.
             The game lasted 00:07:49 (2225 turns).

KristoblXynda the Chucker (Deep Dwarf Hunter)       Turns: 2225, Time: 00:07:50

Health: -4/52      AC: 10    Str: 16    XL:     6   Next: 25%
Magic:  6/6        EV: 10    Int: 13    God:
Gold:   165        SH:  0    Dex: 13    Spells: 0 memorised, 5 levels left

rFire  . . .     SeeInvis .     q - +2 spear (venom)
rCold  . . .     Gourm    .     y - +0 scale mail
rNeg   . . .     Faith    .     (no shield)
rPois  .         Spirit   .     (no helmet)
rElec  .         Reflect  .     a - +0 cloak
rCorr  .         Harm     .     g - +0 pair of gloves
MR     .....                    u - +0 pair of boots
Stlth  ..........               (no amulet)
                                (no ring)
                                (no ring)

@: non-regenerating
A: damage resistance, recharge devices, sense surroundings 1, slow regeneration
3
a: Device Recharging


You were in an ossuary.
You were not hungry.

You visited 1 branch of the dungeon, and saw 4 of its levels.
You also visited: Ossuary.

You collected 165 gold pieces.

Inventory:

Hand Weapons
 q - a +2 spear of venom (weapon)
 x - a +1 hand axe
Missiles
 c - 4 javelins (quivered)
 d - 2 throwing nets
Armour
 a - a +0 cloak (worn)
 g - a +0 pair of gloves (worn)
 u - a +0 pair of boots (worn)
 y - a +0 scale mail (worn)
Wands
 e - a wand of heal wounds (1/9)
 r - a wand of acid (0/15)
Scrolls
 j - a scroll of magic mapping
 k - a scroll of fear
 w - 2 scrolls of amnesia
Potions
 h - 4 potions of curing
 l - a potion of haste {unknown}
 m - a potion of might {unknown}
 n - a potion of flight {unknown}
 o - a potion of agility {unknown}
 p - a potion of brilliance {unknown}
 t - a potion of resistance {unknown}
Comestibles
 b - a meat ration
 f - 4 bread rations
 i - a beef jerky


   Skills:
 - Level 1.7 Fighting
 + Level 2.6 Axes
 + Level 5.2 Throwing
 - Level 4.0 Armour
 - Level 2.1 Dodging
 - Level 1.2 Stealth
 + Level 1.0 Evocations


You had 5 spell levels left.
You didn't know any spells.

Dungeon Overview and Level Annotations

Branches:
Dungeon (4/15)
 Temple: D:4-7

Altars:

Annotations:
D:2 Robin


Innate Abilities, Weirdness & Mutations

You are resistant to damage.
You can recharge devices by infusing magical energy.
You passively map a small area around you.
You do not regenerate.


Message History

* * * LOW HITPOINT WARNING * * *
Throwing (i - inventory. (,) - cycle):
c - 6 javelins (quivered)
Press: ? - help, Shift-Dir - straight line, f/p - mummy
Aim: a mummy (heavily damaged)
You throw a javelin. The javelin hits the mummy.
The mummy is heavily damaged.
Throwing (i - inventory. (,) - cycle):
c - 5 javelins (quivered)
Press: ? - help, Shift-Dir - straight line, f/p - mummy
Aim: a mummy (heavily damaged)
You throw a javelin. The javelin barely misses the mummy.
The mummy closely misses you.
You hit the mummy.
The mummy is severely damaged.
The mummy misses you.
You barely miss the mummy.
The mummy is severely damaged.
You hit the mummy.
The mummy is almost destroyed.
The mummy hits you!
You die...

.'##
##..'..^.'...'.#
##.##
#..#######...###
###.###.## ##'##
##.##'## #.#
#####'...#####
###
'.^^+.....'..##
##.###...###^.##
### ##'##
##..##### ###
##..@M(# #######


You could see a mummy.

Vanquished Creatures
  The ghost of anet the Magician, an amateur DEWz (D:3)
  9 mummies (Ossuary)
  3 adders
  3 worms
  4 leopard geckos
  5 orcs
  5 giant cockroaches
  8 goblins
  4 hobgoblins
  2 quokkas
  3 ball pythons
  6 bats
  A frilled lizard (D:1)
  A gnoll skeleton (Ossuary)
  2 goblin skeletons (Ossuary)
  3 kobolds
  3 kobold skeletons (Ossuary)
  An orc skeleton (Ossuary)
  4 rats
  11 rat skeletons (Ossuary)
79 creatures vanquished.

Notes
Turn   | Place    | Note
-------+----------+-------------------------------------------
     0 | D:1      | KristoblXynda the Deep Dwarf Hunter began the quest for the Orb.
     0 | D:1      | Reached XP level 1. HP: 19/19 MP: 1/1
   227 | D:1      | Reached skill level 1 in Armour
   227 | D:1      | Reached XP level 2. HP: 26/26 MP: 2/2
   392 | D:2      | Reached skill level 4 in Throwing
   450 | D:2      | Reached XP level 3. HP: 28/32 MP: 3/3
   864 | D:2      | Noticed Robin
   905 | D:3      | Noticed anet's ghost (amateur DEWz)
   930 | D:3      | Reached XP level 4. HP: 29/39 MP: 4/4
   990 | D:3      | Found a faded altar of an unknown god.
  1399 | D:3      | Killed anet's ghost
  1399 | D:3      | Reached skill level 1 in Axes
  1399 | D:3      | Reached XP level 5. HP: 44/45 MP: 5/5
  1751 | D:4      | Found a sand-covered staircase.
  1759 | Ossuary  | Entered an ossuary
  1996 | Ossuary  | Reached skill level 5 in Throwing
  2089 | Ossuary  | HP: 1/45 [mummy (12)]
  2114 | Ossuary  | Reached XP level 6. HP: 6/52 MP: 6/6
  2161 | Ossuary  | Reached skill level 1 in Evocations
  2225 | Ossuary  | Slain by a mummy

Vault maps used:
D:1:      eino_arrival_druids_welcome
D:2:      uniq_robin
D:3:      chequers_ecumenical_altar_simple_redux, first_bread, minmay_liquid_box
D:4:      nicolae_ossuary_entry_plus, minmay_misc_feat_rows
Ossuary:  ossuary_due_small_catacomb

Skill      XL: |  1  2  3  4  5  6 |
---------------+-------------------+-----
Armour         | 1 2 3 4 |  4.0
Throwing       | 4 5 |  5.2
Axes           | 1 2 |  2.6
Evocations     | 1 |  1.0
Fighting       | |  1.7
Dodging        | |  2.1
Stealth        | |  1.2

Action                   |  1- 3 |  4- 6 || total
-------------------------+-------+-------++-------
Melee: Short sword       |    18 |       ||    18
       Spear             |    74 |   124 ||   198
Throw: Javelin           |     9 |    19 ||    28
Evoke: Wand              |       |     6 ||     6
  Use: Scroll            |       |    10 ||    10
       Potion            |       |     2 ||     2
 Stab: Sleeping          |     2 |       ||     2
  Eat: Beef jerky        |       |     1 ||     1
       Chunk             |       |     1 ||     1
       Royal jelly       |       |     1 ||     1
Armor: Leather armour    |    20 |       ||    20
       Scale mail        |       |    26 ||    26
Dodge: Dodged            |    43 |    43 ||    86
